 Dungeon Crawl Stone Soup version 0.27.1 (webtiles) character file.

Game seed: 10437903065846078990

14 nxtlvl the Ducker (level 2, 0/18 HPs)
             Began as a Deep Elf Monk on Aug 30, 2021.
             Was a Priest of Kikubaaqudgha.
             Slain by a kobold (3 damage)
             ... on level 1 of the Dungeon.
             The game lasted 00:03:03 (271 turns).

nxtlvl the Ducker (Deep Elf Monk)                    Turns: 271, Time: 00:03:03

Health: 0/18       AC: 10    Str:  8    XL:     2   Next: 27%
Magic:  4/4        EV:  3    Int: 14    God:    Kikubaaqudgha [***...]
Gold:   17         SH:  0    Dex: 17    Spells: 0/1 levels left

rFire    + . .     SeeInvis .   a - +0 short sword
rCold    . . .     Faith    .   (no shield)
rNeg     . . .     Spirit   .   e - +2 chain mail {rF+}
rPois    .         Reflect  .   (no helmet)
rElec    .         Harm     .   (no cloak)
rCorr    .         Rampage  .   (no gloves)
Will     .....                  (no boots)
Stlth    ..........             (no amulet)
HPRegen  0.06/turn              (no ring)
MPRegen  0.09/turn              (no ring)

@: no status effects
A: no striking features
a: Renounce Religion, Receive Corpses


You were on level 1 of the Dungeon.
You worshipped Kikubaaqudgha.
Kikubaaqudgha was most pleased with you.
You visited 1 branch of the dungeon, and saw 2 of its levels.

You collected 17 gold pieces.

Inventory:

Hand Weapons
 a - a +0 short sword (weapon)
Missiles
 c - 23 sling bullets
Armour
 b - a +0 robe
 e - a +2 chain mail of fire resistance (worn)
Scrolls
 d - a scroll of teleportation {unknown}


   Skills:
 - Level 2.4 Fighting
 + Level 3.3 Short Blades
 - Level 3.6 Dodging
 - Level 2.4 Stealth
 * Level 1.8 Necromancy


You couldn't memorise any spells.
You knew the following spells:

 Your Spells              Type           Power      Damage    Failure   Level
z - Pain                  Necr           20%        1d5       100%        1

Your spell library contained the following spells:

 Spells                   Type           Power      Damage    Failure   Level
 Corpse Rot               Necr/Air       N/A        N/A       100%        2
 Sublimation of Blood     Necr           2%         N/A       100%        2
 Vampiric Draining        Necr           2%         2d6       100%        3
 Dispel Undead            Necr           5%         3d7       100%        4
 Agony                    Necr           5%         N/A       100%        5
 Borgnjor's Vile Clutch   Necr/Erth      1%         N/A       100%        5
 Excruciating Wounds      Necr           2%         N/A       100%        5
 Simulacrum               Ice/Necr       1%         N/A       100%        6


Dungeon Overview and Level Annotations

Branches:
Dungeon (2/15)

Altars:
Kikubaaqudgha


Message History

The dart slug launches a dart at you.
The slug dart hits you but does no damage.
The dart slug launches a dart at you.
The slug dart hits you but does no damage.
A goblin comes into view. It is wielding a +0 club.
The dart slug launches a dart at you. The slug dart hits you.
The dart slug bites you.
* * * LOW HITPOINT WARNING * * *
You hit the dart slug but do no damage. You hit the dart slug.
The dart slug is lightly wounded.
The dart slug bites you but does no damage.
You hit the dart slug.
The dart slug is heavily wounded.
The dart slug launches a dart at you.
The slug dart hits you but does no damage.
You hit the dart slug.
The dart slug is almost dead.
You hit the dart slug but do no damage.
The dart slug is almost dead.
The dart slug launches a dart at you. The slug dart hits you.
* * * LOW HITPOINT WARNING * * *
The goblin shouts!
You hit the dart slug.
You kill the dart slug!
Kikubaaqudgha accepts your kill. The bat hits you but does no damage.
The bat hits you but does no damage.
Things that are here:
a +0 short sword; a dart slug corpse; a kobold corpse A quokka comes into view.
The endoplasm hits you but does no damage.
A rat and a kobold come into view.
The kobold shouts!
An endoplasm comes into view.
The bat hits you but does no damage. The kobold hits you with a +0 dagger.
You die...
Kikubaaqudgha rasps: "You have failed me!
Welcome... death!"

# #.#
......##..###
# ..
............#
.
.....>...#.##
.
.........#b#
#.
......#g.##.#
....###..)..#
.........####
..######bJ#
.......@.:#
.#######K##
.... ##.....
.!#J.#.#
.r#....#
.....### ..
##


You could see 2 endoplasms, a goblin, a bat, a kobold and a rat.

Vanquished Creatures
  A dart slug (D:1)
  3 ball pythons
  An endoplasm (D:1)
  A goblin (D:1)
  A hobgoblin (D:1)
  A kobold (D:1)
  A bat (D:1)
  2 frilled lizards
  A rat (D:1)
12 creatures vanquished.

Vanquished Creatures (others)
  3 plants (D:2)
3 creatures vanquished.

Grand Total: 15 creatures vanquished

Notes
Turn   | Place    | Note
-------+----------+-------------------------------------------
     0 | D:1      | nxtlvl the Deep Elf Monk began the quest for the Orb.
     0 | D:1      | Reached XP level 1. HP: 13/13 MP: 3/3
    11 | D:1      | Found a faded altar of an unknown god.
    43 | D:1      | Became a worshipper of Kikubaaqudgha
    43 | D:1      | Reached * piety under Kikubaaqudgha
    43 | D:1      | Received a gift from Kikubaaqudgha
    43 | D:1      | Reached ** piety under Kikubaaqudgha
    78 | D:1      | Reached skill level 1 in Necromancy
   154 | D:1      | Reached XP level 2. HP: 5/18 MP: 4/4
   156 | D:1      | Learned a level 1 spell: Pain
   203 | D:1      | Reached *** piety under Kikubaaqudgha
   203 | D:1      | Received a gift from Kikubaaqudgha
   271 | D:1      | Slain by a kobold

Illustrated notes

Levels and vault maps discovered:
D:1:      dpeg_arrival_simpleton_a, layout_basic, ebering_ecumenical_altar_ruins
D:2:      layout_loops_ring, serial_forest, infiniplex_forest_lined_3,
          infiniplex_forest_split, infiniplex_forest_lined_room_3,
          infiniplex_forest_zigzag_1, infiniplex_forest_end_2,
          infiniplex_forest_straight_3, infiniplex_forest_zigzag_2,
          uniq_crazy_yiuf_cottage

Skill      XL: |  1 |
---------------+----+-----
Necromancy     | 1 |  1.8
Fighting       | |  2.4
Short Blades   | |  3.3
Dodging        | |  3.6
Stealth        | |  2.4

Action                   || total
-------------------------++-------
Melee: Short sword       ||    47
Armor: Robe              ||     7
       Chain mail        ||    12
Dodge: Dodged            ||    21
